 Dungeon Crawl Stone Soup version 0.27.1-33-g824d729ab1 (webtiles) character file.

Game seed: 11060813986329595758

96 Atelerd the Digger (level 4, -4/27 HPs)
             Began as an Octopode Earth Elementalist on Dec 16, 2021.
             Was an Initiate of Sif Muna.
             Slain by a gnoll (8 damage)
             ... on level 3 of the Dungeon.
             The game lasted 00:02:14 (3283 turns).

Atelerd the Digger (Octopode Earth Elementalist)    Turns: 3283, Time: 00:02:14

Health: -4/27      AC:  1    Str:  7    XL:     4   Next: 67%
Magic:  7/8        EV: 13    Int: 18    God:    Sif Muna [......]
Gold:   70         SH:  0    Dex: 12    Spells: 8/9 levels left

rFire    . . .     SeeInvis .   l - +2 dagger (venom)
rCold    . . .     Faith    .   (no shield)
rNeg     . . .     Spirit   .   (helmet restricted)
rPois    .         Reflect  .   (no amulet)
rElec    .         Harm     .   (no ring)
rCorr    .         Rampage  .   (no ring)
Will     .....                  (no ring)
Stlth    +++.......             (no ring)
HPRegen  0.09/turn              (no ring)
MPRegen  0.11/turn              (no ring)
                                (no ring)
                                (no ring)

@: no status effects
A: almost no armour, amphibious, 8 rings, camouflage 1, gelatinous body 1,
(nimble swimmer 1), tentacles
a: Renounce Religion


You were on level 3 of the Dungeon.
You worshipped Sif Muna.
Sif Muna was noncommittal.
You visited 1 branch of the dungeon, and saw 3 of its levels.

You collected 70 gold pieces.

Inventory:

Hand Weapons
 c - a +0 dagger
 l - a +2 dagger of venom (weapon)
Missiles
 b - 105 stones
Scrolls
 d - 2 scrolls of identify {unknown}
 e - 3 scrolls of fog {unknown}
 g - a scroll of enchant armour {unknown}
 h - a scroll of teleportation {unknown}
 j - a scroll of immolation {unknown}
 k - a scroll of fear {unknown}
Potions
 a - a potion of lignification {unknown}
 f - a potion of mutation {unknown}
 i - a potion of curing {unknown}


   Skills:
 - Level 2.0 Dodging
 - Level 2.6 Stealth
 + Level 3.0 Spellcasting
 + Level 2.5 Transmutations
 + Level 3.9 Earth Magic


You had 8 spell levels left.
You knew the following spells:

 Your Spells              Type           Power      Damage    Failure   Level
a - Sandblast             Erth           32%        2d9       3%          1

Your spell library contained the following spells:

 Spells                   Type           Power      Damage    Failure   Level
 Passwall                 Tmut/Erth      11%        N/A       7%          2
 Stone Arrow              Conj/Erth      18%        3d8       22%         3
 Petrify                  Tmut/Erth      14%        N/A       41%         4
 Dazzling Flash           Conj/Hex       4%         N/A       43%         3
 Iskenderun's Mystic Bla  Conj/Tloc      2%         2d3       85%         4
 Starburst                Conj/Fire      1%         6d3       100%        6


Dungeon Overview and Level Annotations

Branches:
Dungeon (3/15)

Altars:
Sif Muna

Shops:
D:2 (


Innate Abilities, Weirdness & Mutations

You cannot wear most types of armour.
You are amphibious.
You can wear up to eight rings at the same time.
Your skin changes colour to match your surroundings (Stealth+).
Your rubbery body absorbs attacks. (AC +1, EV +1)
((You are camouflaged near water. (Stealth+)))
You have tentacles for arms and can constrict up to eight enemies at once.


Message History

The gnoll is heavily wounded.
You constrict the gnoll. The gnoll closely misses you.
The blast of sand hits the gnoll.
The gnoll is severely wounded.
You constrict the gnoll, but do no damage.
You kill the gnoll!
Sif Muna accepts your kill.
A gnoll comes into view. It is wielding a +0 club.
Things that are here:
a +0 halberd; a gnoll corpse The blast of sand hits the gnoll!
You kill the gnoll!
Sif Muna accepts your kill.
Your Spellcasting skill increases to level 3!
No target in view!
A gnoll comes into view. It is wielding a +0 halberd.
A gnoll is nearby!
The gnoll hits you with a +0 halberd.
You see here a +0 club.
A gnoll is nearby!
A gnoll is nearby!
You hit the gnoll. Your grab misses the gnoll.
The gnoll is lightly wounded.
The gnoll hits you with a +0 halberd!
* * * LOW HITPOINT WARNING * * *
You are too injured to fight recklessly!
You are too injured to fight recklessly!
You are too injured to fight recklessly!
A gnoll is nearby!
A gnoll is nearby!
You are too injured to fight recklessly!
Casting: Sandblast (safe; 3% risk of failure)
Confirm with . or Enter, or press ? or * to list all spells.
Aiming: Sandblast (safe; 3% risk of failure)
Press: ? - help, Shift-Dir - straight line, f - gnoll
Aim: a gnoll, wielding a +0 halberd and wearing a +0 robe (lightly wounded, 82% to hit)
The blast of sand hits the gnoll!
The gnoll is almost dead.
The gnoll hits you with a +0 halberd!
You die...

#..# #..# ## #...
... #..# ....
#..##....
...####........
......g........
#@.......
#).......
#........
#........
#........
#........ #
#........
###.######........
..................


You could see a gnoll.

Vanquished Creatures
  2 gnolls (D:3)
  2 adders
  A worm (D:2)
  A dart slug (D:3)
  6 orcs
  A ball python (D:2)
  3 endoplasms
  3 giant cockroaches
  5 goblins
  2 hobgoblins
  2 quokkas
  5 bats
  4 frilled lizards
  5 kobolds
  7 rats
49 creatures vanquished.

Notes
Turn   | Place    | Note
-------+----------+-------------------------------------------
     0 | D:1      | Atelerd the Octopode Earth Elementalist began the quest for
                  | the Orb.
     0 | D:1      | Reached XP level 1. HP: 11/11 MP: 3/3
   730 | D:1      | Found a faded altar of an unknown god.
   856 | D:1      | You fall into a shaft and drop 1 floor!
   925 | D:2      | Found Ettaon's Weapon Shop.
   932 | D:2      | Reached XP level 2. HP: 16/17 MP: 5/5
  1427 | D:2      | Reached XP level 3. HP: 10/21 MP: 2/6
  2758 | D:3      | Reached XP level 4. HP: 12/27 MP: 8/8
  3063 | D:3      | Found a shimmering blue altar of Sif Muna.
  3094 | D:3      | Became a worshipper of Sif Muna the Loreminder
  3283 | D:3      | Slain by a gnoll

Illustrated notes

Levels and vault maps discovered:
D:1:      dpeg_arrival_erosion, layout_basic, basic_ecumenical_altar,
          grunt_decor_junction
D:2:      minmay_razor_zed, layout_basic, serial_shops, nicolae_shop_statue_plus
D:3:      layout_basic, mainiacjoe_overflow_six_doors_small, minmay_hedge_maze,
          minmay_pentangle, uniq_robin

Skill      XL: |  1  2  3  4 |
---------------+-------------+-----
Transmutations | 2 |  2.5
Spellcasting   | 3 |  3.0
Dodging        | |  2.0
Stealth        | |  2.6
Earth Magic    | |  3.9

Action                   |  1- 3 |  4- 6 || total
-------------------------+-------+-------++-------
Melee: Unarmed           |    11 |       ||    11
       Dagger            |    65 |    26 ||    91
       Tentacles         |    12 |     3 ||    15
       Constrict         |    21 |     6 ||    27
 Cast: Sandblast         |    19 |     6 ||    25
 Stab: Sleeping          |     4 |     2 ||     6
Armor: Skin              |     8 |       ||     8
Dodge: Dodged            |    51 |    14 ||    65
